 Dungeon Crawl Stone Soup version 0.30-a0-457-g4b7bca3bfa (webtiles) character file.

Game seed: 4988862370420078541

103 Emberiza the Chopper (level 4, 0/58 HPs)
             Began as a Minotaur Berserker on Dec 12, 2022.
             Was a Believer of Trog.
             Succumbed to a water moccasin's poison
             ... on level 3 of the Dungeon.
             The game lasted 00:03:23 (1608 turns).

Emberiza the Chopper (Minotaur Berserker)           Turns: 1608, Time: 00:03:23

Health: 0/58       AC:  6    Str: 24    XL:     4   Next: 51%
Magic:  3/3        EV: 10    Int:  4    God:    Trog [**....]
Gold:   102        SH:  2    Dex:  9    Spells: 3/3 levels left

rFire   . . .      SeeInvis .    j - +1 war axe
rCold   . . .      Faith    .    l - +0 buckler
rNeg    . . .      Spirit   .    g - +0 scale mail
rPois   .          Reflect  .    (helmet restricted)
rElec   .          Harm     .    (no cloak)
rCorr   .          Rampage  .    (no gloves)
Will    .....                    (no boots)
Stlth   ..........               (no amulet)
HPRegen 0.29/turn                (no ring)
MPRegen 0.08/turn                (no ring)

@: berserking, lethally poisoned (0 -> -15), very quick
A: horns 2, retaliatory headbutt
a: Renounce Religion, Berserk, Trog's Hand


You were on level 3 of the Dungeon.
You worshipped Trog.
Trog was pleased with you.
You visited 1 branch of the dungeon, and saw 3 of its levels.

You collected 102 gold pieces.

Inventory:

Hand Weapons
 a - a +0 hand axe
 j - a +1 war axe (weapon)
Armour
 b - a +0 animal skin
 g - a +0 scale mail (worn)
 l - a +0 buckler (worn)
Jewellery
 n - a ring of poison resistance
Scrolls
 c - a scroll of enchant weapon
 d - a scroll of enchant armour {unknown}
 h - 2 scrolls of teleportation
 i - a scroll of fog
Potions
 e - a potion of attraction {unknown}
 f - a potion of degeneration {unknown}
 k - a potion of brilliance {unknown}
 m - a potion of haste {unknown}
 o - a potion of resistance {unknown}
 p - a potion of heal wounds {unknown}


   Skills:
 - Level 3.6 Fighting
 + Level 6.5 Axes
 - Level 2.4 Armour
 - Level 2.1 Dodging


You had 3 spell levels left.
You didn't know any spells.
Your spell library was empty.

Dungeon Overview and Level Annotations

Branches:
Dungeon (3/15)

Altars:
Trog

Shops:
D:2 [


Innate Abilities, Weirdness & Mutations

You have a pair of horns on your head.
You reflexively headbutt those who attack you in melee.


Message History

The water moccasin bites you but does no damage.
You block the water moccasin's attack.
You slash the water moccasin!
You headbutt the water moccasin, but do no damage.
The water moccasin is heavily wounded.
The water moccasin barely misses you. The water moccasin bites you.
You barely miss the water moccasin.
The water moccasin is heavily wounded.
The water moccasin bites you.
You are poisoned.
The water moccasin poisons you!
You barely miss the water moccasin. You headbutt the water moccasin!
The water moccasin is almost dead.
You feel very sick. The water moccasin bites you!
* * * LOW HITPOINT WARNING * * *
You are lethally poisoned!
The water moccasin poisons you!
A kobold comes into view. It is wielding a +0 whip.
The water moccasin bites you.
* * * LOW HITPOINT WARNING * * *
You are too injured to fight recklessly!
You are too injured to fight recklessly!
A red film seems to cover your vision as you go berserk!
You feel yourself moving faster!
You feel mighty!
* * * LOW HITPOINT WARNING * * *
You feel very sick.
The kobold shouts!
The water moccasin bites you.
* * * LOW HITPOINT WARNING * * *
You miss the water moccasin.
The water moccasin is almost dead.
* * * LOW HITPOINT WARNING * * *
You feel very sick. The water moccasin closely misses you.
The water moccasin bites you but does no damage.
You slash the water moccasin!
You kill the water moccasin!
Trog accepts your kill.
You die...

....# #.......##.#
.###.# ...........#.##
. ..
.....##.##....#####
.>....#.#.........#####
##..#..K..#.####.......
##.##...##.# #.......
...._....####.......
.##...##....†.......
#†@...#.###########
#......#.#...#
..##..##.##..#
..........#########
#####..............#
#####..........#
####...)...# #......[#
#.......#


You could see a kobold.

Vanquished Creatures
  A water moccasin (D:3)
  4 adders
  A worm (D:2)
  4 dart slugs
  7 endoplasms
  A giant cockroach (D:2)
  5 hobgoblins (D:1)
  4 jackals (D:1)
  3 quokkas (D:3)
  4 ball pythons
  3 bats
  3 frilled lizards
  8 goblins
  4 kobolds
  2 rats (D:1)
54 creatures vanquished.

Notes
Turn   | Place    | Note
-------+----------+-------------------------------------------
     0 | D:1      | Emberiza the Minotaur Berserker began the quest for the
                  | Orb.
     0 | D:1      | Reached XP level 1. HP: 19/19 MP: 0/0
    49 | D:1      | Reached skill level 4 in Axes
    99 | D:1      | Reached XP level 2. HP: 26/26 MP: 1/1
   110 | D:1      | You fall into a shaft and drop 1 floor!
   161 | D:2      | Reached skill level 5 in Axes
   216 | D:2      | Reached XP level 3. HP: 25/31 MP: 2/2
   701 | D:1      | Found a faded altar of an unknown god.
   703 | D:1      | Reached ** piety under Trog
   900 | D:1      | Reached XP level 4. HP: 39/39 MP: 3/3
  1003 | D:2      | Reached skill level 6 in Axes
  1289 | D:2      | Found Acvu's Antique Armour Shoppe.
  1552 | D:3      | Found a bloodstained altar of Trog.
  1596 | D:3      | Noticed a water moccasin
  1608 | D:3      | Killed a water moccasin
  1608 | D:3      | Succumbed to a water moccasin's poison

Illustrated notes

Levels and vault maps discovered:
D:1:      evilmike_arrival_hilbert_curve, layout_rooms,
          hellmonk_ecumenical_altar_dog_temple, corexii_item_surrounded_by_moat
D:2:      layout_basic, serial_shops, shop_statue
D:3:      layout_rooms, mainiacjoe_overflow_small_starburst, uniq_ijyb

Skill      XL: |  1  2  3  4 |
---------------+-------------+-----
Axes           | 4 5 6 |  6.5
Fighting       | |  3.6
Armour         | |  2.4
Dodging        | |  2.1

Action                   |  1- 3 |  4- 6 || total
-------------------------+-------+-------++-------
Melee: Hand axe          |    41 |       ||    41
       Headbutt          |     9 |     5 ||    14
       War axe           |    33 |    35 ||    68
Invok: Berserk           |       |     1 ||     1
  Use: Scroll            |     4 |       ||     4
Armor: Animal skin       |     3 |       ||     3
       Scale mail        |    23 |    18 ||    41
Dodge: Dodged            |    52 |    19 ||    71
Block: Buckler           |     3 |     8 ||    11

Table legend: (Time is in decaauts)
 A = Elapsed time spent in this place.
 B = Non-inter-level travel time spent in this place.
 C = Inter-level travel time spent in this place.
 D = Time resting spent in this place.
 E = Time spent auto-exploring this place.
 F = Levels seen in this place.
 G = Mean time per level.
                   A        B        C        D        E       F      G
               +--------+--------+--------+--------+--------+-----+--------+
         Total |   1626 |   1515 |    111 |      0 |   1115 |   3 |  542.0 |
       Dungeon |   1626 |   1515 |    111 |      0 |   1115 |   3 |  542.0 |
               +--------+--------+--------+--------+--------+-----+--------+

Top non-repeatable levels by time:
     D:2: 996 daAuts
     D:1: 472 daAuts
     D:3: 157 daAuts
